 Dungeon Crawl Stone Soup version 0.18.1-48-g4cf74bf (webtiles) character file.

14647 NegativICE the Cleaver (level 11, -3/104 HPs)
             Began as a Minotaur Fighter on Aug 11, 2016.
             Was an Elder of Makhleb.
             Killed by divine providence
             ... invoked by a smoke demon
             ... summoned by an orc sorcerer
             ... led by an orc warlord
              (15 damage)
             ... on level 1 of the Orcish Mines.
             The game lasted 03:54:17 (11391 turns).

NegativICE the Cleaver (Minotaur Fighter)          Turns: 11391, Time: 03:54:18

Health: -3/104     AC: 22    Str: 30    XL:     11   Next: 91%
Magic:  13/13      EV:  4    Int:  7    God:    Makhleb [****..]
Gold:   627        SH: 15    Dex: 13    Spells: 0 memorised, 10 levels left

rFire  . . .     SeeInvis +     a - +0 war axe
rCold  + + .     Gourm    .     M - +0 plate armour of Dyspraxia {rF- rC++ Int+2 SInv}
rNeg   . . .     Faith    .     c - +0 shield
rPois  +         Spirit   .     (helmet restricted)
rElec  .         Dismiss  .     I - +2 cloak
rCorr  .         Reflect  +     o - +3 pair of gloves of Distant Worlds {rPois rF+ Int+4}
SustAt .         Harm     .     y - +0 pair of boots
MR     +....                    s - +3 amulet of reflection
Stlth  ..........               V - ring of poison resistance
                                A - ring of protection from magic

@: mighty, heavily drained, somewhat resistant to hostile enchantments,
extremely unstealthy
A: retaliatory headbutt, horns 2, molten scales 1, thin skeletal structure 1,
dopey 2, high mp 1, strong 1, wild magic 1, MP-powered wands
a: Minor Destruction, Lesser Servant of Makhleb, Major Destruction, Renounce
Religion


You were on level 1 of the Orcish Mines.
You worshipped Makhleb.
Makhleb was greatly pleased with you.
You were not hungry.

You visited 3 branches of the dungeon, and saw 14 of its levels.

You collected 627 gold pieces.

Inventory:

Hand Weapons
 a - a +0 war axe (weapon)
 d - a +2 spear
 u - a +1 mace of crushing
 B - a +3 mace
 C - a +0 mace of venom
 D - the +6 longbow "NegativICE's Regret" {freeze, rC+ Str+8}
   (You found it on level 12 of the Dungeon)

   It causes projectiles fired from it to freeze those they strike, causing
   extra injury to most foes and up to half again as much damage against
   particularly susceptible opponents.
   They can also slow down cold-blooded creatures.
   It affects your strength (+8).
   It protects you from cold.
 H - a +0 battleaxe
 T - a +0 trident
 W - a +0 hunting sling
Missiles
 r - 75 sling bullets
 X - 11 tomahawks (quivered)
Armour
 c - a +0 shield (worn)
 e - a steam dragon hide
 k - a +0 fire dragon armour
 o - the +3 pair of gloves of Distant Worlds (worn) {rPois rF+ Int+4}
   (You acquired it on level 11 of the Dungeon)

   It affects your intelligence (+4).
   It protects you from fire.
   It protects you from poison.
 y - a +0 pair of boots (worn)
 I - a +2 cloak (worn)
 M - the +0 plate armour of Dyspraxia (worn) {rF- rC++ Int+2 SInv}
   (You acquired it on level 11 of the Dungeon)

   It affects your intelligence (+2).
   It makes you vulnerable to fire.
   It greatly protects you from cold.
   It lets you see invisible.
Jewellery
 s - a +3 amulet of reflection (around neck)
 v - an uncursed ring of protection from magic
 A - a ring of protection from magic (left hand)
 O - an uncursed ring of flight
 U - an uncursed ring of resist corrosion
 V - a ring of poison resistance (right hand)
 Z - an uncursed ring of sustain attributes
Wands
 E - a wand of confusion (26/48)
 G - a wand of enslavement (12/24)
 K - a wand of lightning (9/15)
 R - a wand of iceblast (4/15)
Scrolls
 h - a scroll of fear
 j - 3 scrolls of enchant weapon
 m - a scroll of recharging
 n - 5 scrolls of remove curse
 p - 3 scrolls of fog
 q - a scroll of identify
 P - a scroll of teleportation
 Y - a scroll of acquirement
Potions
 l - 2 potions of flight
 t - a potion of cure mutation
 x - a potion of curing
 z - 2 potions of lignification
 F - a potion of brilliance
Miscellaneous
 N - a disc of storms
Comestibles
 f - 8 bread rations
 w - 2 meat rations
 S - 5 fruits


   Skills:
 * Level 12.0(9.6) Fighting
 + Level 12.8(10.4) Axes
 - Level 8.0(5.9) Armour
 * Level 7.4(5.3) Dodging
 + Level 10.8(8.5) Shields
 * Level 3.3(1.4) Invocations


You had 10 spell levels left.
You didn't know any spells.

Dungeon Overview and Level Annotations

Branches:
Dungeon (12/15)            Temple (1/1) D:6            Lair (0/8) D:8
    Orc (1/2) D:9

Altars:
Ashenzari
Cheibriados
Dithmenos
Elyvilon
Fedhas
Gozag
Kikubaaqudgha
Makhleb
Nemelex Xobeh
Okawaru
Pakellas
Qazlal
Ru
Sif Muna
Trog
Vehumet
Xom
Yredelemnul
Zin
The Shining One

Annotations:
D:9 Maud
D:12 Schimscham's ghost, journeyman DrVM


Innate Abilities, Weirdness & Mutations

You reflexively headbutt those who attack you in melee.
You have a pair of horns on your head.
You are partially covered in molten scales (AC +1).
You have a somewhat thin skeletal structure (Dex +2, Stealth).
You are very dopey. (Int -4)
You have an increased reservoir of magic (+10% MP).
Your muscles are strong. (Str +2)
Your spells are a little harder to cast, but a little more powerful.
You expend magic power (3 MP) to strengthen your wands.


Message History

The orc warlord is lightly wounded.
Your shield and plate armour of Dyspraxia prevent you from hitting the orc.
You closely miss the smoke demon.
The smoke demon is severely wounded.
You closely miss the orc warrior.
The orc warrior is moderately wounded.
Your surroundings seem slightly different.
The smoke demon gestures at you. Something smites you!
* * * LOW HITPOINT WARNING * * *
Welcome back, NegativICE the Minotaur Fighter.
Blood and souls for Makhleb!
Press ? for a list of commands and other information.
The orc sorcerer gestures at you while chanting.
The bolt of fire hits you!
* * * LOW HITPOINT WARNING * * *
There is a staircase back to the Dungeon here.
The smoke demon gestures at you. Something smites you!
You die...

o....##.#........#...#
......)..oo.o..####.##
.....##..o.o3########
......#........#.###
... #..$..........##
.. #......o..#.[..###
. ##.#.#.....##.##.##
#.#...............#
...#.......@.....##
....#..#....###...#
.............####.##
#.#..#.##.#...##...#
##### ####.####.## ###
###


You could see an orc warlord, a smoke demon, an orc sorcerer, 3 orc warriors and
an orc.

Vanquished Creatures
  Josephine (D:11)
  The ghost of Leafly the Carver, a journeyman DsFi of Okawaru (D:11)
  Sonja (D:10)
  A hill giant (D:10)
  The ghost of Schimscham the Digger, a novice DgEE (D:4)
  An ugly thing (D:11)
  A manticore (D:11)
  Maurice (Orc:1)
  The ghost of loom the Destroyer, a novice DEWz of Vehumet (D:6)
  A troll (Orc:1)
  2 two-headed ogres
  Sigmund (D:3)
  A shadow (D:11)
  5 wraiths (D:11)
  11 yaks
  A steam dragon (D:8)
  4 hippogriffs
  Edmund (D:4)
  2 wargs (Orc:1)
  2 water moccasins
  5 orc warriors
  3 ice beasts
  5 sky beasts
  A wasp (D:9)
  A phantom (D:4)
  6 ogres
  2 centaurs
  6 giant frogs
  A crocodile (D:8)
  A gnoll sergeant (D:11)
  A wyvern skeleton (D:9)
  A scorpion (D:4)
  22 killer bees
  8 wights
  9 howler monkeys
  A crimson imp (D:5)
  A giant frog zombie (D:9)
  A centaur zombie (D:10)
  6 hounds
  5 jellies
  4 giant frog skeletons
  5 orc priests
  2 centaur skeletons
  4 iguanas
  7 orc wizards
  10 worker ants
  A hound skeleton (D:9)
  A howler monkey zombie (D:6)
  A worker ant zombie (D:6)
  5 gnolls (D:11)
  15 adders
  2 river rats (D:8)
  A shadow imp (D:9)
  2 oozes (D:2)
  2 adder skeletons
  3 worms
  2 dart slugs
  4 giant geckos
  16 orcs
  4 giant cockroaches
  12 goblins
  10 hobgoblins
  13 jackals
  5 quokkas
  A ball python skeleton (D:4)
  8 bats
  A giant gecko skeleton (D:4)
  A giant gecko zombie (D:5)
  4 giant newts
  6 kobolds
  A quokka skeleton (D:6)
  A quokka zombie (D:7)
  9 rats
  3 fungi (D:8)
292 creatures vanquished.

Vanquished Creatures (others)
  2 fungi (D:8)
2 creatures vanquished.

Grand Total: 294 creatures vanquished

Notes
Turn   | Place    | Note
--------------------------------------------------------------
     0 | D:1      | NegativICE the Minotaur Fighter began the quest for the Orb.
     0 | D:1      | Reached XP level 1. HP: 19/19 MP: 0/0
   302 | D:1      | Reached XP level 2. HP: 27/27 MP: 1/1
  1062 | D:2      | Found a sacrificial altar of Ru.
  1073 | D:2      | Reached XP level 3. HP: 33/33 MP: 2/2
  1466 | D:2      | Reached skill level 1 in Dodging
  1609 | D:2      | Reached XP level 4. HP: 37/41 MP: 3/3
  1898 | D:3      | Reached XP level 5. HP: 35/47 MP: 4/4
  2186 | D:3      | Noticed Sigmund
  2202 | D:3      | Killed Sigmund
  2202 | D:3      | Reached skill level 5 in Fighting
  2202 | D:3      | Reached skill level 5 in Axes
  2202 | D:3      | Reached XP level 6. HP: 37/56 MP: 5/5
  2534 | D:3      | Found a glowing silver altar of Zin.
  2853 | D:4      | Noticed Edmund
  2879 | D:4      | Killed Edmund
  2887 | D:4      | Noticed Schimscham's ghost (novice DgEE)
  3056 | D:4      | Killed Schimscham's ghost
  3056 | D:4      | Reached skill level 5 in Armour
  3056 | D:4      | Reached skill level 5 in Shields
  3056 | D:4      | Reached XP level 7. HP: 46/64 MP: 6/6
  3225 | D:4      | Reached XP level 8. HP: 66/71 MP: 7/7
  3678 | D:4      | Found a sparkling altar of Nemelex Xobeh.
  3679 | D:4      | Found a shimmering altar of Xom.
  3846 | D:5      | Entered Level 5 of the Dungeon
  4401 | D:5      | Gained mutation: You are dopey. (Int -2) [mutagenic meat]
  4402 | D:5      | Gained mutation: You have an increased reservoir of magic (+10% MP). [mutagenic meat]
  4449 | D:5      | Gained mutation: You are very dopey. (Int -4) [mutagenic meat]
  4450 | D:5      | Gained mutation: Your flesh is heat resistant. [mutagenic meat]
  4465 | D:5      | Lost mutation: Your flesh is heat resistant. [mutagenic meat]
  4466 | D:5      | Gained mutation: You are partially covered in molten scales (AC +1). [mutagenic meat]
  4655 | D:6      | Found an opulent altar of Gozag.
  4725 | D:6      | Found a staircase to the Ecumenical Temple.
  4740 | Temple   | Entered the Ecumenical Temple
  4890 | Temple   | Became a worshipper of Makhleb the Destroyer
  5017 | D:6      | Noticed loom's ghost (novice DEWz)
  5024 | D:6      | Reached XP level 9. HP: 81/81 MP: 8/8
  5047 | D:6      | Killed loom's ghost
  5476 | D:6      | Reached skill level 10 in Axes
  5520 | D:7      | Reached * piety under Makhleb
  5715 | D:7      | Gained mutation: You have very sharp teeth. [mutagenic meat]
  6544 | D:8      | Found a stormy altar of Qazlal.
  6594 | D:8      | Found a staircase to the Lair.
  6915 | D:8      | Reached ** piety under Makhleb
  7125 | D:8      | Reached XP level 10. HP: 78/91 MP: 10/10
  7474 | D:9      | Found a staircase to the Orcish Mines.
  7587 | D:9      | Reached skill level 10 in Fighting
  7967 | D:9      | Found an ancient bone altar of Kikubaaqudgha.
  7988 | D:9      | Gained mutation: Your muscles are strong. (Str +2) [potion of mutation]
  7988 | D:9      | Gained mutation: Your spells are a little harder to cast, but a little more powerful. [potion of mutation]
  7988 | D:9      | Gained mutation: Your flesh is cold resistant. [potion of mutation]
  7989 | D:9      | Lost mutation: You have very sharp teeth. [potion of mutation]
  7989 | D:9      | Gained mutation: You have a somewhat thin skeletal structure (Dex +2, Stealth). [potion of mutation]
  8055 | D:10     | Entered Level 10 of the Dungeon
  8138 | D:10     | Reached *** piety under Makhleb
  8161 | D:10     | Noticed Sonja
  8174 | D:10     | Killed Sonja
  8174 | D:10     | Reached skill level 1 in Invocations
  8420 | D:10     | Gained mutation: You expend magic power (3 MP) to strengthen your wands. [mutagenic meat]
  8421 | D:10     | Lost mutation: Your flesh is cold resistant. [mutagenic meat]
  8453 | D:10     | Reached skill level 5 in Dodging
  8562 | D:10     | Noticed a hill giant
  8585 | D:10     | Killed a hill giant
  8585 | D:10     | Reached XP level 11. HP: 101/101 MP: 6/12
  9050 | D:11     | Reached **** piety under Makhleb
  9058 | D:11     | Noticed Leafly's ghost (journeyman DsFi)
  9074 | D:11     | Killed Leafly's ghost
  9228 | D:11     | Reached skill level 10 in Shields
  9364 | D:11     | Identified 3 scrolls of acquirement
  9378 | D:11     | Got a pair of faintly humming gloves
  9389 | D:11     | Identified the +3 pair of gloves of Distant Worlds {rPois rF+ Int+4} (You acquired it on level 11 of the Dungeon)
  9396 | D:11     | Noticed a red ugly thing
  9417 | D:11     | Killed a red ugly thing
  9458 | D:11     | Got an encrusted plate armour
  9469 | D:11     | Identified the +0 plate armour of Dyspraxia {rF- rC++ Int+2 SInv} (You acquired it on level 11 of the Dungeon)
  9572 | D:11     | Noticed Josephine
  9597 | D:11     | Killed Josephine
  9869 | D:12     | Reached ***** piety under Makhleb
 10011 | D:12     | Got a crystal longbow
 10215 | D:12     | Noticed Schimscham's ghost (journeyman DrVM)
 10894 | D:11     | Identified the +6 longbow "NegativICE's Regret" {freeze, rC+ Str+8} (You found it on level 12 of the Dungeon)
 10983 | Orc:1    | Entered Level 1 of the Orcish Mines
 11010 | Orc:1    | Noticed Maurice
 11011 | Orc:1    | Noticed Maud
 11327 | Orc:1    | Killed Maurice
 11362 | Orc:1    | Noticed an orc sorcerer
 11365 | Orc:1    | Noticed an orc warlord
 11391 | Orc:1    | Killed from afar by a smoke demon

Skill      XL: |  1  2  3  4  5  6  7  8  9 10 11 |
---------------+----------------------------------+-----
Fighting       | 4 5 6 7 9 10 12 | 12.0
Shields        | 4 5 6 7 9 10 | 10.8
Armour         | 4 5 6 7 8 |  8.0
Axes           | 3 5 6 7 9 11 12 | 12.8
Dodging        | 1 2 5 7 |  7.4
Invocations    | 2 3 |  3.3

Action                   |  1- 3 |  4- 6 |  7- 9 | 10-12 || total
-------------------------+-------+-------+-------+-------++-------
Melee: War axe           |    86 |   111 |   326 |   414 ||   937
       Headbutt          |    12 |    15 |    67 |   108 ||   202
       Bite              |       |       |     8 |    11 ||    19
       Mace              |       |       |       |    25 ||    25
       Spear             |       |       |       |    19 ||    19
Throw: Tomahawk          |       |       |     9 |     3 ||    12
       Stone             |       |       |     1 |       ||     1
Invok: Lesser Servant of |       |       |       |     4 ||     4
Evoke: Wand              |       |       |       |    10 ||    10
  Use: Potion            |       |     2 |     4 |    10 ||    16
       Scroll            |       |     1 |     9 |    16 ||    26
 Stab: Confused          |       |       |       |     3 ||     3
       Distracted        |       |       |       |     1 ||     1
  Eat: Chunk             |     2 |     5 |    16 |    11 ||    34
       Bread ration      |       |       |     1 |       ||     1
       Meat ration       |       |       |       |     2 ||     2
Armor: Scale mail        |    46 |    46 |   107 |    82 ||   281
       Skin              |       |       |     2 |    18 ||    20
       Plate armour      |       |       |       |    66 ||    66
       Fire dragon armou |       |       |       |    37 ||    37
Dodge: Dodged            |    21 |    18 |   118 |   160 ||   317
Block: Shield            |    47 |    49 |   179 |   358 ||   633
       Reflection        |       |       |     2 |     5 ||     7
